 Dungeon Crawl Stone Soup version 0.27.1-1-g398f81649c (webtiles) character file.

Game seed: 6719065035194199734

85 Descartes the Covert (level 4, -1/27 HPs)
             Began as a Deep Elf Delver on Sept 20, 2021.
             Slain by Eustachio (6 damage)
             ... on level 5 of the Dungeon.
             The game lasted 00:00:40 (39 turns).

Descartes the Covert (Deep Elf Delver)                Turns: 39, Time: 00:00:40

Health: -1/27      AC:  3    Str: 10    XL:     4   Next: 25%
Magic:  6/6        EV: 12    Int: 15    God:
Gold:   13         SH:  0    Dex: 16    Spells: 3/3 levels left

rFire    . . .     SeeInvis .   a - +0 short sword
rCold    . . .     Faith    .   (no shield)
rNeg     . . .     Spirit   .   b - +0 leather armour
rPois    .         Reflect  .   (no helmet)
rElec    .         Harm     .   (no cloak)
rCorr    .         Rampage  .   (no gloves)
Will     .....                  (no boots)
Stlth    ++++......             (no amulet)
HPRegen  0.09/turn              (no ring)
MPRegen  0.10/turn              (no ring)

@: no status effects
A: no striking features
a: no special abilities


You were on level 5 of the Dungeon.
You visited 1 branch of the dungeon, and saw 1 of its levels.

You collected 13 gold pieces.

Inventory:

Hand Weapons
 a - a +0 short sword (weapon)
Armour
 b - a +0 leather armour (worn)
Wands
 g - a wand of digging (3)
 h - a wand of mindburst (9)
Scrolls
 c - a scroll of fog
 d - a scroll of magic mapping
 e - a scroll of fear
Potions
 f - a potion of haste
 i - a potion of curing {unknown}


   Skills:
 - Level 2.4 Fighting
 - Level 2.0 Short Blades
 - Level 2.4 Dodging
 + Level 8.2 Stealth


You had 3 spell levels left.
You didn't know any spells.
Your spell library was empty.

Dungeon Overview and Level Annotations

Branches:
Dungeon (5/15)
 Temple: D:4-7

Altars:

Annotations:
D:5 Eustachio


Message History

The ogre is lightly wounded.
The ogre misses you.
You hit the ogre.
The ogre is lightly wounded.
Eustachio barely misses you. The ogre hits you with a +0 giant club!
Ouch! That really hurt!
* * * LOW HITPOINT WARNING * * *
You see here a sapphire potion.
i - a sapphire potion Eustachio barely misses you.
Eustachio closely misses you.
Aiming: Mindburst
Press: ? - help, Shift-Dir - straight line, f - ogre
Aim: an ogre, wielding a +0 giant club (lightly wounded, chance to affect: 65%)
The ogre's mind is blasted!!
The ogre closely misses you.
Unknown command.
Aiming: Mindburst
Press: ? - help, Shift-Dir - straight line, f/p - ogre
Aim: an ogre, wielding a +0 giant club (almost dead, chance to affect: 65%)
The ogre's mind is blasted!
You blow up the ogre!
Your Stealth skill gained 2 levels and is now at level 8!
You have reached level 2!
You have reached level 3!
Your experience leads to an increase in your attributes!
Increase (S)trength, (I)ntelligence, or (D)exterity?
You feel stronger.
You have reached level 4!
You feel clever.
Aiming: Mindburst
Press: ? - help, Shift-Dir - straight line, f - Eustachio
Aim: Eustachio, wielding a +0 rapier and wearing a +0 leather armour (chance to affect: 65%) Eustachio's mind is blasted!
Eustachio closely misses you.
Unknown command.
Aiming: Mindburst
Press: ? - help, Shift-Dir - straight line, f/p - Eustachio
Aim: Eustachio, wielding a +0 rapier and wearing a +0 leather armour (moderately wounded, chance to affect: 65%) Eustachio struggles to resist.
Eustachio hits you with a +0 rapier.
You die...

####### #.. ..###
#.# #...# #@#
#...#.###
#@###........
#.....###....
##..### #. . ..
#.## #. .# #.#
##.## ..# #.#
#...###..##
#.#####.#.#.#.#.#
#.#.............#


You could see Eustachio.

Vanquished Creatures
  An ogre (D:5)
1 creature vanquished.

Notes
Turn   | Place    | Note
-------+----------+-------------------------------------------
     0 | D:5      | Descartes the Deep Elf Delver began the quest for the Orb.
     0 | D:5      | Reached XP level 1. HP: 13/13 MP: 3/3
    22 | D:5      | Noticed Eustachio
    24 | D:5      | Noticed an ogre
    37 | D:5      | Killed an ogre
    38 | D:5      | Reached skill level 8 in Stealth
    38 | D:5      | Reached XP level 2. HP: 3/18 MP: 4/4
    38 | D:5      | Reached XP level 3. HP: 4/22 MP: 5/5
    38 | D:5      | Reached XP level 4. HP: 5/27 MP: 6/6
    39 | D:5      | Slain by Eustachio

Illustrated notes

Levels and vault maps discovered:
D:5:      layout_loops_ring, serial_shops, nicolae_stop_n_shop_1, st_stairs_4,
          uniq_eustachio, uniq_edmund

Skill      XL: |  1 |
---------------+----+-----
Stealth        | 8 |  8.2
Fighting       | |  2.4
Short Blades   | |  2.0
Dodging        | |  2.4

Action                   |  1- 3 |  4- 6 || total
-------------------------+-------+-------++-------
Melee: Short sword       |     2 |       ||     2
Evoke: Wand              |     2 |     2 ||     4
Dodge: Dodged            |     5 |     1 ||     6
